 Dungeon Crawl Stone Soup version 0.26-a0-466-g989023bd0d (webtiles) character file.

Game seed: 13564691440372925859

15012 Mesmaeker13 the Tainter (level 12, -2/80 HPs)
             Began as an Octopode Venom Mage on Aug 2, 2020.
             Was an Initiate of Gozag.
             Engulfed by a cloud of flame (9 damage)
             ... in a volcano.
             The game lasted 00:51:45 (21223 turns).

Mesmaeker13 the Tainter (Octopode Venom Mage)      Turns: 21223, Time: 00:51:46

Health: -2/80      AC:  1    Str:  9    XL:     12   Next: 22%
Magic:  26/26      EV: 21    Int: 20    God:    Gozag
Gold:   1410       SH:  5    Dex: 21    Spells: 2/18 levels left

rFire    + . .     SeeInvis .   z - +1 long sword of the Hills {flame, +Inv rF+ rN+}
rCold    . . .     Faith    .   (no shield)
rNeg     + . .     Spirit   .   (helmet restricted)
rPois    .         Reflect  +   B - amulet "Uchan" {Reflect +Inv Dex+8 SH+5}
rElec    .         Harm     .   D - ring of magical power
rCorr    .                      (no ring)
MR       .....                  (no ring)
Stlth    ++++......             (no ring)
HPRegen  0.23/turn              (no ring)
MPRegen  0.20/turn              (no ring)
                                (no ring)
                                (no ring)

@: mighty
A: almost no armour, stealthy swim, amphibious, 8 rings, constrict 8, camouflage
1, gelatinous body 1
a: Potion Petition, Call Merchant, Bribe Branch, Renounce Religion, Evoke
Invisibility


You were in a volcano.
You worshipped Gozag.
Gozag was most pleased with you.
You visited 3 branches of the dungeon, and saw 13 of its levels.
You also visited: Volcano.

You collected 2520 gold pieces.
You spent 210 gold pieces at shops.
You paid 900 gold pieces to Gozag.

Inventory:

Hand Weapons
 z - the +1 long sword of the Hills (weapon) {flame, +Inv rF+ rN+}
   (You found it on level 7 of the Dungeon)

   It has been specially enchanted to burn those struck by it, causing extra
   injury to most foes and up to half again as much damage against particularly
   susceptible opponents.
   Big, fiery blades are also staple armaments of hydra-hunters.
   It protects you from fire.
   It protects you from negative energy.
   It lets you turn invisible.
 F - a +1 eveningstar of draining
Missiles
 a - 4 curare-tipped darts (quivered)
Jewellery
 B - the amulet "Uchan" (around mantle) {Reflect +Inv Dex+8 SH+5}
   (You bought it in a shop on level 1 of the Lair of Beasts)

   [amulet of reflection]

   It shields you and reflects attacks.
   It affects your dexterity (+8).
   It lets you turn invisible.
   It affects your SH (+5).
 D - a ring of magical power (left tentacle)
Scrolls
 c - 8 scrolls of remove curse
 d - a scroll of enchant weapon {unknown}
 e - 5 scrolls of teleportation
 g - a scroll of noise
 h - a scroll of torment
 i - 2 scrolls of fog
 l - 3 scrolls of enchant armour
 n - 2 scrolls of blinking
 p - a scroll of holy word {unknown}
 r - a scroll of fear {unknown}
 s - a scroll of amnesia {unknown}
 u - 2 scrolls of brand weapon
 v - a scroll of magic mapping {unknown}
 y - a scroll of immolation {unknown}
 E - a scroll of random uselessness {unknown}
Potions
 b - 2 potions of curing
 f - 3 potions of might
 j - a potion of lignification
 m - 2 potions of flight
 q - 4 potions of brilliance
 t - a potion of haste
 w - 2 potions of ambrosia {unknown}
 x - 3 potions of mutation {unknown}
 A - a potion of stabbing {unknown}
Miscellaneous
 C - a phantom mirror


   Skills:
 + Level 6.5 Fighting
 + Level 9.4 Dodging
 - Level 2.6 Stealth
 + Level 3.7 Spellcasting
 + Level 5.2 Conjurations
 - Level 6.1 Transmutations
 + Level 7.7 Fire Magic
 + Level 6.2 Air Magic
 - Level 11.0 Poison Magic


You had 2 spell levels left.
You knew the following spells:

 Your Spells              Type           Power        Failure   Level
a - Sting                 Tmut/Pois      ####         1%          1
b - Poisonous Vapours     Pois/Air       #####.       1%          2
c - Mephitic Cloud        Conj/Pois/Air  ####....     1%          3
d - Ignite Poison         Fire/Tmut/Pois #####...     1%          3
e - Olgreb's Toxic Radia  Pois           #####...     1%          4
f - Static Discharge      Conj/Air       ####....     3%          3

Your spell library contained the following spells:

 Spells                   Type           Power        Failure   Level
 Shock                    Conj/Air       ####         1%          1
 Swiftness                Air            ####....     1%          2
 Freeze                   Ice            #...         13%         1
 Airstrike                Air            ####......   10%         4
 Lightning Bolt           Conj/Air       ####......   34%         5
 Confusing Touch          Hex            #.......     36%         3
 Frozen Ramparts          Ice            #.....       36%         3
 Gell's Gravitas          Tloc           #.........   36%         3
 Ozocubu's Armour         Ice            #.......     36%         3
 Petrify                  Tmut/Erth      ###.....     36%         4
 Hailstorm                Conj/Ice       ##......     41%         4
 Yara's Violent Unravell  Hex/Tmut       ###.......   71%         5
 Summon Ice Beast         Ice/Summ       #.......     78%         4
 Metabolic Englaciation   Hex/Ice        #.........   98%         5


Dungeon Overview and Level Annotations

Branches:
Dungeon (10/15)            Temple (1/1) D:6            Lair (2/6) D:8
    Orc (0/2) D:9         Volcano (1/1)
  Swamp: Lair:2-4    Shoals: Lair:2-4     Snake: Lair:2-4    Spider: Lair:2-4

Altars:
Ashenzari
Cheibriados
Dithmenos
Elyvilon
Fedhas
Gozag
Hepliaklqana
Kikubaaqudgha
Makhleb
Nemelex Xobeh
Okawaru
Qazlal
Ru
Sif Muna
Trog
Uskayaw
Vehumet
Wu Jian
Xom
Yredelemnul
Zin
The Shining One

Shops:
D:4 (   Lair:1 *

Annotations:
Lair:1 exclusion: oklob plant


Innate Abilities, Weirdness & Mutations

You cannot wear most types of armour.
You are very stealthy in the water. (Stealth+)
You are amphibious.
You can wear up to eight rings at the same time.
You can use your tentacles to constrict eight enemies at once.
Your skin changes colour to match your surroundings (Stealth+).
Your rubbery body absorbs attacks. (AC +1, EV +1)


Message History

You start resting.
Your transformation is almost over.
You start resting.
You're standing in a cloud of flame!
You are engulfed in blazing flames.
You resist.
* * * LOW HITPOINT WARNING * * *
You start resting.
You feel less wooden.
You start resting.
Magic restored.
You start resting.
The air gets thick with the scent of sulphur.
You start resting.
In the distance, the volcano erupts with a roar.
You are engulfed in blazing flames.
You resist.
* * * LOW HITPOINT WARNING * * *
Unknown command.
You are engulfed in blazing flames.
You resist.
You die...
Your body crumbles into a pile of gold.

≈≈≈≈≈≈§≈§≈§≈≈##
§°°8≈§≈§≈§§≈§§≈≈§##
8°°☼☼°§≈§§≈≈≈≈≈§§§#
§§≈°○○°§§§§§§≈..§§#
≈≈≈≈○○○§§§§§§....#
§≈≈°°○○○≈§§○....##
°°≈≈§§☼§§§○.°..##
≈§≈○☼°○☼○○○....#
§≈≈°☼○○☼○○@☼..##
≈§≈☼○○○○☼○○.###
...☼○○○○○○○##
...☼○☼○.####
.......## .##..##
###


There were no monsters in sight!

Vanquished Creatures
  A two-headed ogre (D:10)
  Urug (D:10)
  A black mamba (Lair:1)
  2 cane toads
  A kobold demonologist (D:8)
  2 komodo dragons
  3 trolls
  2 hippogriffs
  3 flying skulls (Volcano)
  14 yaks
  A warg (D:9)
  A soldier ant (D:10)
  3 water moccasins
  2 porcupines (Lair:1)
  2 black bears
  2 orc warriors
  4 ice beasts
  A necrophage (D:7)
  3 sky beasts
  9 ogres
  3 phantoms
  6 wolves
  A centaur (D:8)
  5 crocodiles
  14 big kobolds
  Blork the orc (D:6)
  6 bullfrogs
  2 scorpions
  26 killer bees
  16 wights
  4 howler monkeys
  3 electric eels (D:8)
  A quasit (D:7)
  12 hounds
  4 orc priests
  3 jellies
  A bullfrog skeleton (D:8)
  3 iguanas
  7 worker ants
  5 orc wizards
  A killer bee zombie (D:6)
  A hound zombie (D:5)
  4 gnolls
  13 adders
  2 shadow imps
  6 white imps
  An ufetubus (D:5)
  2 oozes
  2 adder skeletons
  6 worms
  4 dart slugs
  5 leopard geckos
  29 orcs
  3 giant cockroaches
  8 goblins
  7 hobgoblins
  19 jackals
  16 kobolds
  6 quokkas
  3 ball pythons
  7 bats
  5 frilled lizards
  2 giant cockroach zombies
  A jackal skeleton (D:7)
  2 quokka skeletons
  A rat (D:1)
337 creatures vanquished.

Notes
Turn   | Place    | Note
-------+----------+-------------------------------------------
     0 | D:1      | Mesmaeker13 the Octopode Venom Mage began the quest for the
                  | Orb.
     0 | D:1      | Reached XP level 1. HP: 11/11 MP: 3/3
   167 | D:1      | Reached XP level 2. HP: 17/17 MP: 5/5
   429 | D:1      | Reached skill level 4 in Poison Magic
   434 | D:1      | Reached XP level 3. HP: 17/21 MP: 3/6
  1500 | D:2      | Learned a level 2 spell: Poisonous Vapours
  1796 | D:2      | Reached XP level 4. HP: 27/27 MP: 3/7
  3418 | D:3      | Reached XP level 5. HP: 31/31 MP: 3/9
  4303 | D:4      | Found Ummur's Weapon Emporium.
  4412 | D:4      | Reached skill level 5 in Poison Magic
  4412 | D:4      | Reached XP level 6. HP: 36/36 MP: 7/10
  4417 | D:4      | Learned a level 3 spell: Mephitic Cloud
  5020 | D:4      | Reached skill level 1 in Air Magic
  5247 | D:4      | Reached XP level 7. HP: 38/41 MP: 4/11
  5968 | D:4      | Reached skill level 1 in Conjurations
  5968 | D:4      | Reached skill level 6 in Poison Magic
  6025 | D:5      | Entered Level 5 of the Dungeon
  7570 | D:6      | Reached XP level 8. HP: 39/46 MP: 9/12
  8124 | D:6      | Reached skill level 5 in Dodging
  8158 | D:6      | Learned a level 3 spell: Ignite Poison
  8170 | D:6      | Noticed Blork the orc
  8175 | D:6      | Killed Blork the orc
  8250 | D:6      | Reached skill level 1 in Fire Magic
  8250 | D:6      | Reached skill level 7 in Poison Magic
  8770 | D:6      | Found a staircase to the Ecumenical Temple.
  8779 | Temple   | Entered the Ecumenical Temple
  8881 | Temple   | Became a worshipper of Gozag Ym Sagoz the Greedy
  9375 | D:7      | Reached XP level 9. HP: 48/51 MP: 10/13
  9609 | D:7      | Got a smoking long sword
  9727 | D:7      | Reached skill level 8 in Poison Magic
  9871 | D:7      | Got an encrusted flail
 10023 | D:7      | Reached skill level 5 in Air Magic
 10390 | D:7      | Identified the cursed +1 long sword of the Hills {flame,
                  | +Inv rF+ rN+} (You found it on level 7 of the Dungeon)
 10392 | D:7      | Identified the +6 flail "Hoemi" {vorpal, rN+} (You found it
                  | on level 7 of the Dungeon)
 11022 | D:8      | Noticed a kobold demonologist
 11274 | D:7      | Reached skill level 1 in Fighting
 11946 | D:8      | Noticed a troll
 11953 | D:7      | Reached skill level 9 in Poison Magic
 11953 | D:7      | Reached XP level 10. HP: 16/60 MP: 7/14
 13936 | D:9      | Reached skill level 5 in Fire Magic
 14077 | D:9      | Learned a level 4 spell: Olgreb's Toxic Radiance
 14824 | D:9      | Reached skill level 5 in Transmutations
 15122 | D:9      | Found a staircase to the Orcish Mines.
 16075 | D:8      | Reached skill level 10 in Poison Magic
 16200 | D:8      | Found a staircase to the Lair.
 16370 | D:8      | Killed a kobold demonologist
 16370 | D:8      | Reached XP level 11. HP: 70/70 MP: 4/15
 16549 | D:8      | Found a shimmering altar of Xom.
 16734 | D:10     | Entered Level 10 of the Dungeon
 17583 | D:10     | Noticed Urug
 17589 | D:10     | Noticed a two-headed ogre
 17900 | D:10     | Killed Urug
 17900 | D:10     | Reached skill level 5 in Fighting
 17948 | D:10     | Killed a two-headed ogre
 18909 | Lair:1   | Entered Level 1 of the Lair of Beasts
 19048 | Lair:1   | Bought a scroll of identify for 60 gold pieces
 19048 | Lair:1   | Bought a sparkling amethyst amulet for 150 gold pieces
 19049 | Lair:1   | Identified the amulet "Uchan" {Reflect +Inv Dex+8 SH+5}
                  | (You bought it in a shop on level 1 of the Lair of Beasts)
 19091 | Lair:1   | Reached skill level 11 in Poison Magic
 19123 | Lair:1   | Learned a level 3 spell: Static Discharge
 20221 | Lair:1   | Reached XP level 12. HP: 75/79 MP: 2/16
 20773 | Lair:2   | Reached skill level 5 in Conjurations
 21129 | Lair:2   | Found a dark tunnel.
 21138 | Volcano  | Entered a volcano
 21223 | Volcano  | Engulfed by a cloud of flame

Illustrated notes

Levels and vault maps discovered:
D:1:      dpeg_arrival_tiny_d, layout_basic
D:2:      layout_basic
D:3:      layout_loops_corners
D:4:      layout_cave_pods, cheibrodos_sewer_entry_sluice, serial_shops, shop
D:5:      layout_rooms
D:6:      layout_loops_ring, minmay_temple_entry_poolview, uniq_blork_the_orc
D:7:      layout_loops_ring
D:8:      layout_rooms, kennysheep_little_box, erik_lair_island, special_room
          [special_room_kobold]
D:9:      layout_roguey, minmay_orc_entry_guard_dogs
D:10:     layout_rooms, evilmike_minifort, uniq_urug
Temple:   kilobyte_greek_temple
Lair:1:   layout_gridlike, minmay_lair_oklob_chamber
Lair:2:   layout_small_grid, nicolae_volcano_entry_hallway
Volcano:  volcano_tomb [vts_chambers]

Skill      XL: |  1  2  3  4  5  6  7  8  9 10 11 12 |
---------------+-------------------------------------+-----
Poison Magic   | 4 5 6 7 9 10 11 | 11.0
Transmutations | 2 3 4 5 6 |  6.1
Dodging        | 3 4 5 7 8 9 |  9.4
Spellcasting   | 3 |  3.7
Air Magic      | 1 2 4 5 6 |  6.2
Conjurations   | 2 3 4 5 |  5.2
Fire Magic     | 2 4 6 7 |  7.7
Fighting       | 2 4 6 |  6.5
Stealth        | |  2.6

Action                   |  1- 3 |  4- 6 |  7- 9 | 10-12 || total
-------------------------+-------+-------+-------+-------++-------
Melee: Unarmed           |     4 |       |       |       ||     4
       Constrict         |    11 |    17 |    23 |    49 ||   100
       Spear             |    20 |       |       |       ||    20
       Tentacles         |     5 |     8 |    13 |    40 ||    66
       Short sword       |    13 |    14 |       |       ||    27
       Dagger            |       |    27 |    13 |       ||    40
       Falchion          |       |       |    45 |       ||    45
       Long sword        |       |       |    13 |   198 ||   211
Throw: Dart              |     1 |     2 |     7 |     9 ||    19
 Cast: Sting             |    38 |    92 |   142 |   120 ||   392
       Poisonous Vapours |       |     5 |    28 |    12 ||    45
       Ignite Poison     |       |       |    12 |    44 ||    56
       Mephitic Cloud    |       |       |    12 |    25 ||    37
       Olgreb's Toxic Ra |       |       |       |    13 ||    13
       Static Discharge  |       |       |       |     4 ||     4
Invok: Call Merchant     |       |       |       |     1 ||     1
Evoke: Wand              |       |       |    20 |    34 ||    54
  Use: Scroll            |     3 |     1 |     7 |     9 ||    20
       Potion            |       |     6 |     3 |     6 ||    15
 Stab: Sleeping          |     4 |       |     3 |     1 ||     8
       Paralysed         |       |       |     7 |    14 ||    21
       Confused          |       |       |     1 |     2 ||     3
       Distracted        |       |       |       |     2 ||     2
Armor: Skin              |     2 |     5 |     8 |    25 ||    40
Dodge: Dodged            |    23 |    46 |   163 |   275 ||   507
Block: Other             |       |       |       |    11 ||    11
       Reflection        |       |       |       |     3 ||     3
       Rpst.: Falchion   |       |       |    14 |       ||    14
       Long sword        |       |       |    18 |    68 ||    86

Table legend: (Time is in decaauts)
 A = Elapsed time spent in this place.
 B = Non-inter-level travel time spent in this place.
 C = Inter-level travel time spent in this place.
 D = Time resting spent in this place.
 E = Time spent auto-exploring this place.
 F = Levels seen in this place.
 G = Mean time per level.
                   A        B        C        D        E       F      G
               +--------+--------+--------+--------+--------+-----+--------+
         Total |  21311 |  20511 |    800 |   8376 |   8339 |  14 | 1522.2 |
       Dungeon |  18838 |  18172 |    666 |   7506 |   7357 |  10 | 1883.8 |
        Temple |    141 |    136 |      5 |      0 |    120 |   1 |  141.0 |
          Lair |   2241 |   2112 |    129 |    841 |    862 |   2 | 1120.5 |
       Volcano |     90 |     90 |      0 |     29 |      0 |   1 |   90.0 |
               +--------+--------+--------+--------+--------+-----+--------+

Top non-repeatable levels by time:
     D:7: 4587 daAuts
     D:9: 2268 daAuts
    D:10: 2160 daAuts
     D:4: 1796 daAuts
  Lair:1: 1752 daAuts
     D:2: 1567 daAuts
     D:6: 1467 daAuts
     D:1: 1412 daAuts
     D:5: 1386 daAuts
     D:3: 1226 daAuts
     D:8: 965 daAuts
  Lair:2: 489 daAuts
  Temple: 141 daAuts
 Volcano: 90 daAuts
